 Seeded DCSS version 0.31-a0-620-gd1cbd99268 (webtiles) character file.

Game seed: 13940975413841313192 (custom seed)

548 zenocrate the Insei (level 7, -1/39 (64) HPs)
             Began as an Octopode Shapeshifter on Aug 24, 2023.
             Was an Initiate of Gozag.
             Slain by Duvessa
             ... wielding a +1 rapier of draining
              (9 damage)
             ... on level 5 of the Dungeon.
             The game lasted 00:05:55 (3340 turns).

zenocrate the Insei (Octopode Shapeshifter)         Turns: 3340, Time: 00:05:55

HP:   -1/39 (64)    AC: 23    Str: 14    XL:     7   Next: 28%
MP:   7/7           EV:  2    Int: 10    God:    Gozag
Gold: 175           SH:  0    Dex: 27    Spells: 6/6 levels left

rFire   . .          .
                       - Unarmed
rCold   . . .        (no shield)
rNeg    . . .        (helmet currently unavailable)
rPois   +            (no amulet)
rElec   .            d - +6 ring of dexterity
rCorr   .            l - +6 ring of dexterity
SInv    .            (no ring)
Will    .....        (no ring)
Stlth   ++           (no ring)
HPRegen 0.26/turn    (no ring)
MPRegen 0.10/turn    (no ring)
                     (no ring)

%: no passive effects
@: tree-form, very heavily drained
A: stationary, stasis, torment immunity, boosted hp, almost no armour,
(amphibious), 8 rings, (camouflage 1), (gelatinous body 1), (nimble swimmer 1),
(tentacles)
a: Renounce Religion, Potion Petition, Call Merchant, Bribe Branch


You were on level 5 of the Dungeon.
You worshipped Gozag.
Gozag was aware of your devotion.
You were a tree.
You visited 2 branches of the dungeon, and saw 6 of its levels.

You collected 214 gold pieces.
You paid 39 gold pieces to Gozag.

Inventory:

Missiles
 g - 7 poisoned darts (quivered)
 i - a throwing net
 q - 6 boomerangs
 s - 3 atropa-tipped darts
Jewellery
 d - a +6 ring of dexterity (left branch)
 l - a +6 ring of dexterity (right branch)
Talismans
 b - a beast talisman
 c - a flux talisman
 o - a serpent talisman
 p - a granite talisman
Scrolls
 e - 2 scrolls of identify
 h - a scroll of teleportation
 n - a scroll of immolation
Potions
 a - a potion of lignification
 f - a potion of enlightenment
 j - 2 potions of might
 k - 2 potions of curing
 m - a potion of mutation
 r - a potion of ambrosia


   Skills:
 - Level 1.0 Fighting
 - Level 1.5 Throwing
 + Level 2.0 Dodging
 + Level 6.4 Unarmed Combat
 + Level 5.0 Shapeshifting


You had 6 spell levels left.
You didn't know any spells.
Your spell library contained the following spells:

 Spells                   Type           Power      Damage    Failure   Level
 Freeze                   Ice            0%         1d3       36%         1
 Necrotise                Necr           0%         1d4       36%         1
 Frozen Ramparts          Ice            0%         1d1       75%         3
 Hailstorm                Conj/Ice       0%         3d3       75%         3
 Summon Guardian Golem    Hex/Summ       0%         N/A       75%         3
 Vampiric Draining        Necr           0%         2d6       75%         3
 Agony                    Necr           0%         N/A       100%        5
 Orb of Destruction       Conj           0%         9d5       100%        7
 Spellforged Servitor     Conj/Summ      0%         N/A       100%        7


Dungeon Overview and Level Annotations

Branches:
Dungeon (5/15)             Temple (1/1) D:4

Altars:
Ashenzari
Dithmenos
Fedhas
Gozag
Hepliaklqana
Kikubaaqudgha
Makhleb
Nemelex Xobeh
Okawaru
Qazlal
Ru
Trog
Uskayaw
Wu Jian
Xom
Yredelemnul
Zin

Annotations:
D:5 Dowan, Duvessa


Innate Abilities, Weirdness & Mutations

You are a tree.
Your roots penetrate the ground, keeping you stationary.
You cannot be teleported.
You are immune to unholy pain and torment.
Your maximum health is greatly increased.
You cannot wear most types of armour.
((You are amphibious.))
You can wear up to eight rings at the same time.
((Your skin changes colour to match your surroundings (Stealth+).))
((Your rubbery body absorbs attacks. (AC +1, EV +1)))
((You are camouflaged when in or above water. (Stealth+)))
((You have tentacles for arms and can constrict up to eight enemies at once.))


Message History

* * * LOW HITPOINT WARNING * * *
Dowan hits you but does no damage.
You hit Duvessa but do no damage.
Duvessa is severely wounded.
Duvessa says, "Where magic fails, the sword succeeds!"
Duvessa hits you but does no damage.
You feel drained.
Dowan casts a spell.
Dowan blinks!
Unknown command.
You smack Duvessa!
Duvessa is almost dead.
Dowan casts a spell.
Dowan blinks!
Duvessa hits you but does no damage.
You feel drained.
Unknown command.
You closely miss Duvessa.
Duvessa is almost dead.
Duvessa hits you but does no damage.
You feel drained.
Unknown command.
You hit Duvessa but do no damage.
Duvessa is almost dead.
Unknown command.
You hit Duvessa but do no damage.
Duvessa is almost dead.
Duvessa hits you with a +1 rapier of draining.
* * * LOW HITPOINT WARNING * * *
You feel drained.
* * * LOW HITPOINT WARNING * * *
Unknown command.
You completely miss Duvessa.
Duvessa is almost dead.
Duvessa hits you with a +1 rapier of draining!
* * * LOW HITPOINT WARNING * * *
You feel drained.
* * * LOW HITPOINT WARNING * * *
Dowan hits you but does no damage.
You feel better.
Duvessa gestures with her weapon.
Duvessa hits you with a +1 rapier of draining!
You die...
Your body crumbles into a pile of gold.

.### ###
..⌠.##+##.⌠#
..........#
#........ ##.
#.......#....
+..._..='!. .#
#....ee.# ..# .#
##....♣..#####..
... #.........#....
#..#⌠.#$+##.⌠#..#
#.####...####.#
#....#........#
#...#!..#...#
#....####.#.#
#$........#.#
#.......#######.###


You could see Duvessa and Dowan.

Vanquished Creatures
  A water moccasin (D:4)
  A black bear (D:4)
  2 scorpions
  2 howler monkeys
  A jelly (D:5)
  A sleepcap (D:4)
  4 adders
  2 worms
  A dart slug (D:4)
  An orc (D:5)
  11 endoplasms
  5 goblins
  8 hobgoblins
  3 quokkas
  5 ball pythons
  2 bats
  A frilled lizard (D:2)
  6 kobolds
  6 rats
63 creatures vanquished.

Notes
Turn   | Place    | Note
-------+----------+-------------------------------------------
     0 | D:1      | zenocrate the Octopode Shapeshifter began the quest for the
                  | Orb.
     0 | D:1      | Reached XP level 1. HP: 13/13 MP: 1/1
   150 | D:1      | Reached XP level 2. HP: 18/18 MP: 2/2
   613 | D:2      | Reached XP level 3. HP: 23/23 MP: 3/3
   738 | D:2      | Found an ornate altar of the Wu Jian Council.
   762 | D:2      | Reached skill level 4 in Unarmed Combat
   954 | D:2      | Reached XP level 4. HP: 28/28 MP: 4/4
  1538 | D:3      | Found a stormy altar of Qazlal.
  2052 | D:4      | Noticed a black bear
  2061 | D:4      | Killed a black bear
  2062 | D:4      | Reached skill level 5 in Unarmed Combat
  2062 | D:4      | Reached XP level 5. HP: 7/33 MP: 5/5
  2171 | D:4      | Found a shadowy altar of Dithmenos.
  2310 | D:4      | Found a bloodstained altar of Trog.
  2334 | D:4      | Reached XP level 6. HP: 34/38 MP: 6/6
  2334 | D:4      | Noticed a water moccasin
  2342 | D:4      | Killed a water moccasin
  2343 | D:4      | Reached skill level 6 in Unarmed Combat
  2384 | D:4      | Found a staircase to the Ecumenical Temple.
  2402 | Temple   | Entered the Ecumenical Temple
  2412 | Temple   | Became a worshipper of Gozag Ym Sagoz the Greedy
  2474 | D:4      | Found an iron altar of Okawaru.
  3143 | D:5      | Entered Level 5 of the Dungeon
  3165 | D:5      | Reached XP level 7. HP: 21/43 MP: 7/7
  3174 | D:5      | Reached skill level 1 in Throwing
  3303 | D:5      | Reached skill level 5 in Shapeshifting
  3321 | D:5      | Found a broken altar of Ashenzari.
  3325 | D:5      | Noticed Duvessa
  3326 | D:5      | Noticed Dowan
  3340 | D:5      | Slain by Duvessa

Illustrated notes

Levels and vault maps discovered:
D:1:      lightli_arrival_quake, layout_rooms, minmay_tetromino_o2
D:2:      layout_basic, basic_altar
D:3:      layout_loops_ring, mainiacjoe_overflow_paths
D:4:      layout_loops_corners, mainiacjoe_overflow_tiny_flanked,
          nicolae_dithmenos_the_darkroom, bloody_trog,
          minmay_temple_entry_arrows
D:5:      layout_basic, mainiacjoe_overflow_six_doors_small,
          evilmike_ruin_ashenzari, gup_sewer_entry_pipe,
          minmay_misc_feat_ornament, hangedman_decor_diamond_cutter,
          minivault_14, uniq_duvessa
Temple:   hellmonk_temple_flake

Skill      XL: |  1  2  3  4  5  6  7 |
---------------+----------------------+-----
Unarmed Combat | 4 5 6 |  6.4
Shapeshifting  | 4 5 |  5.0
Throwing       | 1 |  1.5
Fighting       | |  1.0
Dodging        | |  2.0

Action                     |  1- 3 |  4- 6 |  7- 9 || total
---------------------------+-------+-------+-------++-------
  Melee: Unarmed           |    55 |    58 |    16 ||   129
         Constrict         |    13 |    12 |     3 ||    28
         Tentacles         |     9 |    12 |     3 ||    24
         Punch             |     1 |     3 |       ||     4
  Throw: Dart              |     1 |       |       ||     1
    Use: Potion            |     2 |       |     2 ||     4
         Scroll            |     3 |     5 |       ||     8
   Stab: Sleeping          |     7 |     4 |     2 ||    13
         Distracted        |     1 |     1 |       ||     2
 Armour: Skin              |     5 |     3 |     8 ||    16
  Dodge: Dodged            |    24 |    37 |     1 ||    62

Table legend: (Time is in decaauts)
 A = Elapsed time spent in this place.
 B = Non-inter-level travel time spent in this place.
 C = Inter-level travel time spent in this place.
 D = Time resting spent in this place.
 E = Time spent auto-exploring this place.
 F = Levels seen in this place.
 G = Mean time per level.
                   A        B        C        D        E       F      G
               +--------+--------+--------+--------+--------+-----+--------+
         Total |   3327 |   3207 |    120 |      0 |   2695 |   6 |  554.5 |
       Dungeon |   3306 |   3194 |    112 |      0 |   2694 |   5 |  661.2 |
        Temple |     20 |     12 |      8 |      0 |      1 |   1 |   20.0 |
               +--------+--------+--------+--------+--------+-----+--------+

Top non-repeatable levels by time:
     D:4: 1103 daAuts
     D:2: 852 daAuts
     D:3: 658 daAuts
     D:1: 498 daAuts
     D:5: 194 daAuts
  Temple: 20 daAuts
